 Dungeon Crawl Stone Soup version 0.30.0-10-gfe55d96785 (webtiles) character file.

Game seed: 6379118552958326614

487 Foic the Poker (level 7, -1/72 HPs)
             Began as an Ogre Chaos Knight on May 15, 2023.
             Was a Plaything of Xom.
             Slain by Pikel
             ... wielding a +2 whip of freezing
              (10 damage)
             ... on level 4 of the Dungeon.
             The game lasted 00:10:44 (3059 turns).

Foic the Poker (Ogre Chaos Knight)                  Turns: 3059, Time: 00:10:44

Health: -1/72      AC:  6    Str: 19    XL:     7   Next: 13%
Magic:  7/7        EV: 10    Int: 13    God:    Xom [....*.]
Gold:   183        SH:  0    Dex:  8    Spells: 6/6 levels left

rFire   . . .        a - +0 spear (chaos)
rCold   . . .        (no shield)
rNeg    . . .        b - +2 robe
rPois   .            (helmet restricted)
rElec   .            u - +0 cloak
rCorr   .            (gloves unavailable)
SInv    .            (boots unavailable)
Will    .....        s - amulet of regeneration
Stlth   ++           (no ring)
HPRegen 1.12/turn    (no ring)
MPRegen 0.10/turn

%: no passive effects
@: no status effects
A: large, unfitting armour, tough skin 1
a: Renounce Religion


You were on level 4 of the Dungeon.
You worshipped Xom.
You were a beloved toy of Xom.
You visited 1 branch of the dungeon, and saw 4 of its levels.

You collected 183 gold pieces.

Inventory:

Hand Weapons
 a - a +0 spear of chaos (weapon)
 t - a +2 quarterstaff of chaos
Missiles
 d - 40 stones
Armour
 b - a +2 robe (worn)
 u - a +0 cloak (worn)
Jewellery
 s - an amulet of regeneration (around neck)
Scrolls
 e - a scroll of noise {unknown}
 f - 2 scrolls of brand weapon {unknown}
 g - 6 scrolls of identify {unknown}
 j - a scroll of immolation {unknown}
 k - a scroll of blinking {unknown}
 l - a scroll of amnesia {unknown}
 m - 3 scrolls of teleportation {unknown}
 n - a scroll of enchant weapon {unknown}
 o - 2 scrolls of torment {unknown}
 q - a scroll of enchant armour {unknown}
Potions
 h - a potion of haste
 i - a potion of invisibility {unknown}
 p - a potion of resistance {unknown}
 r - a potion of lignification {unknown}
Miscellaneous
 c - a piece from Xom's chessboard (12/15) (quivered)


   Skills:
 + Level 5.5 Fighting
 + Level 5.7 Polearms
 + Level 3.4 Dodging
 + Level 2.4 Stealth
 + Level 0.1 Evocations


You had 6 spell levels left.
You didn't know any spells.
Your spell library was empty.

Dungeon Overview and Level Annotations

Branches:
Dungeon (4/15)
 Temple: D:4-7

Altars:
Gozag
Makhleb
Vehumet
Wu Jian
The Shining One

Shops:
D:3 (

Annotations:
D:4 Grinder, Menkaure, Pikel


Innate Abilities, Weirdness & Mutations

You are too large for most types of armour.
You have tough skin. (AC +1)


Message History

Pikel, Merchant of Souls comes into view.
He is wielding a +2 whip of freezing and carrying a wand of light (5).
A lemure comes into view.
A lemure comes into view.
The lemure moves out of view.
A lemure comes into view.
The lemure shouts!
A lemure comes into view.
The lemure shouts!
Pikel zaps a wand.
The bolt of light hits you!!
You are confused.
The lemure shouts!
Pikel zaps a wand.
The bolt of light hits you!
You are more confused.
The lemure attacks as you move away! The lemure hits you but does no damage.
Pikel waves his whip at you.
You miss Pikel.
Pikel hits you with a +2 whip of freezing!
Pikel freezes you.
You're too confused to move!
Pikel hits you with a +2 whip of freezing.
Pikel freezes you.
You closely miss the lemure.
You feel less confused.
Pikel hits you with a +2 whip of freezing.
Pikel freezes you. The lemure hits you. x3
You barely miss Pikel. Pikel barely misses you. The lemure misses you.
The lemure closely misses you. The lemure hits you but does no damage.
You closely miss Pikel.
Pikel hits you with a +2 whip of freezing!
* * * LOW HITPOINT WARNING * * *
Pikel freezes you.
* * * LOW HITPOINT WARNING * * *
The lemure hits you but does no damage. The lemure barely misses you.
The lemure hits you!
* * * LOW HITPOINT WARNING * * *
You hit Pikel.
Pikel seems to speed up.
Pikel is lightly wounded.
Pikel hits you with a +2 whip of freezing!
You die...
Xom thinks this is hilarious!

###### #.#####.##### #.# #..
.....####.## #.#######.## #.##
...........# #..........###### #
.###.####..# ##.##...........# #
.# #.# #..###...#.###.#.###.####
.# #.# #).##......###.#.##...##.
.###.# #........................
.....# #.###...55.#.#......†>#..
###..####.# ##..@K5..........##..
).........###..5##...........###.
###..#######.....................
#..... ##..####...#####......
##.#### #....# ##.## ######. #
#.. ♣.P..♣ #.# #. #########
♣♣.P.♣ #.# ........# ♣♣.♣♣ #.####
#.####..# ♣♣.♣ #....#


You could see Pikel (fast) and 4 lemures.

Vanquished Creatures
  An orc warrior (D:4)
  A scorpion (D:4)
  Crazy Yiuf (D:4)
  2 orc priests (D:4)
  A sleepcap (D:3)
  A hound (D:4)
  Natasha (thrice) (D:3)
  An orc wizard (D:4)
  2 adders (D:3)
  A white imp (D:3)
  A worm (D:2)
  A dart slug (D:2)
  6 orcs (D:4)
  8 ball pythons
  4 bats
  5 endoplasms
  3 giant cockroaches
  5 goblins
  4 hobgoblins
  5 quokkas
  2 frilled lizards (D:2)
  5 kobolds
  7 rats
70 creatures vanquished.

Vanquished Creatures (others)
  An adder (D:4)
1 creature vanquished.

Grand Total: 71 creatures vanquished

Notes
Turn   | Place    | Note
-------+----------+-------------------------------------------
     0 | D:1      | Foic the Ogre Chaos Knight began the quest for the Orb.
     0 | D:1      | Reached XP level 1. HP: 24/24 MP: 1/1
    93 | D:1      | XOM: silly message
   206 | D:1      | Reached XP level 2. HP: 26/32 MP: 2/2
   806 | D:1      | XOM: divination: magic mapping
   949 | D:2      | Reached XP level 3. HP: 40/40 MP: 3/3
   980 | D:2      | Found a glowing golden altar of the Shining One.
  1469 | D:3      | Found a radiant altar of Vehumet.
  1483 | D:3      | XOM: silly message
  1554 | D:3      | Found Ytaudun's Weapon Shop.
  1563 | D:3      | Reached XP level 4. HP: 46/49 MP: 4/4
  2076 | D:3      | Reached skill level 1 in Stealth
  2097 | D:3      | Identified the +4 chain mail of Oplounaoc {Str+3 Dex+3}
  2123 | D:3      | Noticed Natasha
  2131 | D:3      | Killed Natasha
  2132 | D:3      | Reached XP level 5. HP: 55/55 MP: 5/5
  2326 | D:3      | Noticed Natasha
  2335 | D:3      | Killed Natasha
  2336 | D:3      | Reached skill level 5 in Fighting
  2391 | D:3      | Noticed Natasha
  2404 | D:3      | Killed Natasha
  2480 | D:3      | Found an ornate altar of the Wu Jian Council.
  2500 | D:3      | Found a burning altar of Makhleb.
  2523 | D:4      | Found an opulent altar of Gozag.
  2550 | D:4      | Reached skill level 5 in Polearms
  2550 | D:4      | Reached XP level 6. HP: 41/66 MP: 6/6
  2551 | D:4      | an orc changed into a glowing shapeshifter
  2551 | D:4      | Noticed a glowing shapeshifter (glowing shapeshifter)
  2551 | D:4      | a glowing shapeshifter changed into a death drake
  2551 | D:4      | Noticed a death drake (glowing shapeshifter)
  2552 | D:4      | a death drake changed into a deep troll
  2552 | D:4      | Noticed a deep troll (glowing shapeshifter)
  2554 | D:4      | a deep troll changed into a harpy
  2554 | D:4      | Noticed a harpy (glowing shapeshifter)
  2555 | D:4      | a harpy changed into a rime drake
  2555 | D:4      | Noticed a rime drake (glowing shapeshifter)
  2557 | D:4      | XOM: scenery: summon butterflies
  2562 | D:4      | a rime drake changed into a black mamba
  2562 | D:4      | Noticed a black mamba (glowing shapeshifter)
  2563 | D:4      | a black mamba changed into a basilisk
  2563 | D:4      | Noticed a basilisk (glowing shapeshifter)
  2567 | D:4      | Noticed Grinder
  2567 | D:4      | XOM: 4-stop teleportation journey
  2702 | D:4      | Noticed an orc warrior
  2722 | D:4      | XOM: confuse monster(s)
  2731 | D:4      | Killed an orc warrior
  2746 | D:4      | XOM: polymorph endoplasm -> giant cockroach
  2750 | D:4      | Reached XP level 7. HP: 72/72 MP: 7/7
  2800 | D:4      | Found a runed translucent door.
  2801 | D:4      | Noticed Crazy Yiuf
  2806 | D:4      | Killed Crazy Yiuf
  2950 | D:4      | Noticed Menkaure
  2970 | D:4      | XOM: destruction
  3047 | D:4      | Noticed Pikel
  3059 | D:4      | Slain by Pikel

Illustrated notes

Levels and vault maps discovered:
D:1:      dpeg_arrival_ratfight, layout_basic, minmay_misc_feat_plants
D:2:      layout_rooms, basic_altar
D:3:      layout_basic, lemuel_doored_altar, amethyst_overflow_temple_binary,
          serial_shops, shop, nrook_mini_backslash, uniq_natasha
D:4:      minmay_evil_eye, layout_loops_ring, nicolae_gozag_seed_capital,
          xom_redecorated, kennysheep_slug_shrine, uniq_menkaure, uniq_sigmund,
          uniq_grinder, uniq_pikel, uniq_crazy_yiuf_cottage

Skill      XL: |  1  2  3  4  5  6 |
---------------+-------------------+-----
Polearms       | 4 5 |  5.7
Stealth        | 1 2 |  2.4
Fighting       | 5 |  5.5
Dodging        | 3 |  3.4
Evocations     | |  0.1

Action                     |  1- 3 |  4- 6 |  7- 9 || total
---------------------------+-------+-------+-------++-------
  Melee: Spear             |   126 |   149 |    11 ||   286
         Punch             |     1 |       |       ||     1
  Evoke: Piece from Xom's  |       |     2 |     3 ||     5
    Use: Potion            |       |       |     1 ||     1
   Stab: Sleeping          |     3 |       |       ||     3
         Paralysed         |     1 |     7 |       ||     8
         Confused          |       |     2 |       ||     2
         Distracted        |       |     1 |       ||     1
 Armour: Robe              |    39 |    42 |     7 ||    88
  Dodge: Dodged            |    33 |    59 |    11 ||   103
